 Dungeon Crawl Stone Soup version 0.28-a0-655-g4eb62b627b (webtiles) character file.

Game seed: 4857365576769363911

190 avis the Insei (level 5, -6/36 HPs)
             Began as an Octopode Transmuter on Oct 13, 2021.
             Mangled by a gnoll (13 damage)
             ... on level 3 of the Dungeon.
             The game lasted 00:15:14 (2741 turns).

avis the Insei (Octopode Transmuter)                Turns: 2741, Time: 00:15:14

Health: -6/36      AC:  2    Str: 10    XL:     5   Next: 69%
Magic:  7/8        EV: 19    Int: 16    God:
Gold:   133        SH:  0    Dex: 17    Spells: 4/8 levels left

rFire   . . .      SeeInvis .     - Unarmed
rCold   . . .      Faith    .   (shield currently unavailable)
rNeg    . . .      Spirit   .   (helmet currently unavailable)
rPois   x          Reflect  .   (no amulet)
rElec   .          Harm     .   (no ring)
rCorr   .          Rampage  .   (no ring)
Will    .....                   (no ring)
Stlth   +.........              (no ring)
HPRegen 0.12/turn               (no ring)
MPRegen 0.11/turn               (no ring)
                                (no ring)
                                (no ring)

@: confused, lethally poisoned (-6 -> -7), spider-form (expiring),
ambrosia-drunk
A: venomous fangs, almost no armour, (amphibious), 8 rings, tiny, (camouflage
1), (gelatinous body 1), (nimble swimmer 1), (tentacles)
a: End Transformation


You were on level 3 of the Dungeon.
You were a venomous arachnid creature.
You visited 1 branch of the dungeon, and saw 3 of its levels.

You collected 133 gold pieces.

Inventory:

Hand Weapons
 b - a +0 hunting sling
Missiles
 a - 9 sling bullets
 c - 43 stones
 f - 40 arrows
Armour
 h - a +0 buckler
Jewellery
 i - a ring of ice
Wands
 k - a wand of paralysis (4)
Scrolls
 d - a scroll of identify {unknown}
 e - a scroll of fear {unknown}
 l - a scroll of teleportation {unknown}
 m - a scroll of vulnerability {unknown}
 n - a scroll of acquirement {unknown}
Potions
 j - a potion of invisibility {unknown}


   Skills:
 - Level 3.0 Fighting
 - Level 2.0 Dodging
 - Level 1.0 Stealth
 - Level 5.0 Unarmed Combat
 - Level 2.0 Spellcasting
 + Level 2.7 Transmutations


You had 4 spell levels left.
You knew the following spells:

 Your Spells              Type           Power      Damage    Failure   Level
a - Beastly Appendage     Tmut           20%        N/A       19%         1
p - Spider Form           Tmut/Pois      2%         N/A       56%         3

Your spell library contained the following spells:

 Spells                   Type           Power      Damage    Failure   Level
 Wereblood                Tmut           10%        N/A       26%         2
 Magic Dart               Conj           4%         1d3       41%         1
 Searing Ray              Conj           2%         2d4       52%         2
 Ice Form                 Ice/Tmut       5%         N/A       89%         4
 Fulminant Prism          Conj/Hex       0%         3d6       97%         4


Dungeon Overview and Level Annotations

Branches:
Dungeon (3/15)

Altars:

Shops:
D:2 *


Innate Abilities, Weirdness & Mutations

You are a venomous arachnid creature.
You have poisonous fangs.
You are tiny and dextrous.
Your spellcasting is less reliable in this form.
Your armour is entirely melded.
You are incapable of wielding weapons or throwing items.
You cannot wear most types of armour.
((You are amphibious.))
You can wear up to eight rings at the same time.
((Your skin changes colour to match your surroundings (Stealth+).))
((Your rubbery body absorbs attacks. (AC +1, EV +1)))
((You are camouflaged near water. (Stealth+)))
((You have tentacles for arms and can constrict up to eight enemies at once.))


Message History

The spell is quite dangerous to cast (36% risk of failure)!
Continue anyway?
You turn into a venomous arachnid creature.
The gnoll hits you with a +1 whip of venom.
You are poisoned.
You hit the gnoll.
The gnoll is poisoned.
The gnoll is heavily wounded.
You feel very sick.
A gnoll comes into view. It is wielding a +0 flail.
The gnoll barely misses you.
You hit the gnoll.
The gnoll looks as sick as possible!
The gnoll is almost dead.
You feel very sick.
You kill the gnoll!
Your transformation is almost over.
You feel very sick.
Things that are here:
a +1 whip of venom; 2 throwing nets; a gnoll corpse You barely miss the gnoll.
You feel sick. The gnoll closely misses you.
You hit the gnoll.
The gnoll is poisoned.
The gnoll is lightly wounded.
You feel sick. The gnoll closely misses you.
You hit the gnoll but do no damage.
The gnoll looks as sick as possible!
The gnoll is heavily wounded.
You feel sick.
You barely miss the gnoll.
The gnoll is heavily wounded.
You feel sick. The gnoll hits you with a +0 club!
You hit the gnoll.
You kill the gnoll!
You feel sick.
You hit the gnoll but do no damage.
The gnoll is poisoned.
You feel sick. The gnoll completely misses you.
You barely miss the gnoll.
The gnoll is lightly wounded.
The gnoll hits you with a +0 flail.
* * * LOW HITPOINT WARNING * * *
It was a potion of ambrosia.
You are confused.
You feel invigorated.
You feel sick. The gnoll hits you with a +0 flail!
You die...

### ... ... #.#
#.# #.#
#g#######
#s#.....#
#.)...#.#
#####.#+#.#
#.........# #
#.........#.##
#............#
###........#####
.......<........
................


You could see a gnoll (very poisoned).

Vanquished Creatures
  An ogre (D:2)
  3 gnolls (D:3)
  3 adders
  A dart slug (D:2)
  An orc (D:2)
  5 ball pythons
  An endoplasm (D:1)
  3 giant cockroaches
  A goblin (D:2)
  9 hobgoblins
  2 jackals (D:1)
  3 quokkas
  5 bats
  3 frilled lizards
  3 kobolds
  9 rats
53 creatures vanquished.

Notes
Turn   | Place    | Note
-------+----------+-------------------------------------------
     0 | D:1      | avis the Octopode Transmuter began the quest for the Orb.
     0 | D:1      | Reached XP level 1. HP: 13/13 MP: 3/3
   207 | D:1      | Reached skill level 1 in Stealth
   287 | D:1      | Reached XP level 2. HP: 17/18 MP: 3/5
  1256 | D:2      | Noticed an ogre
  1429 | D:1      | Reached skill level 4 in Unarmed Combat
  1429 | D:1      | Reached XP level 3. HP: 16/23 MP: 4/6
  1633 | D:1      | Learned a level 3 spell: Spider Form
  1645 | D:2      | Killed an ogre
  1646 | D:2      | Reached skill level 5 in Unarmed Combat
  1646 | D:2      | Reached XP level 4. HP: 21/29 MP: 4/7
  1771 | D:2      | Reached XP level 5. HP: 34/34 MP: 6/8
  2446 | D:2      | Found Puog's General Store.
  2632 | D:3      | Found a faded altar of an unknown god.
  2741 | D:3      | Mangled by a gnoll

Illustrated notes

Levels and vault maps discovered:
D:1:      dpeg_arrival_three_bigger_balls, layout_basic, minivault_19,
          chequers_serial_rivers_micro_e
D:2:      minmay_razor_zed, layout_rooms, serial_shops,
          nicolae_shop_window_shopping
D:3:      layout_basic, dreamdust_ecumenical_altar_statues,
          minmay_misc_feat_cross

Skill      XL: |  1  2  3  4  5 |
---------------+----------------+-----
Stealth        | 1 |  1.0
Unarmed Combat | 4 5 |  5.0
Fighting       | 2 3 |  3.0
Dodging        | |  2.0
Spellcasting   | |  2.0
Transmutations | |  2.7

Action                   |  1- 3 |  4- 6 || total
-------------------------+-------+-------++-------
Melee: Unarmed           |    47 |    55 ||   102
       Constrict         |     9 |    12 ||    21
       Kick              |     5 |     6 ||    11
       Tentacles         |     3 |     6 ||     9
       Punch             |     1 |     1 ||     2
 Fire: Hunting sling     |    20 |       ||    20
 Cast: Beastly Appendage |    15 |    10 ||    25
       Spider Form       |     1 |     7 ||     8
  Use: Potion            |       |     1 ||     1
 Stab: Sleeping          |     2 |     4 ||     6
Armor: Skin              |     3 |     1 ||     4
Dodge: Dodged            |    43 |    34 ||    77

Table legend: (Time is in decaauts)
 A = Elapsed time spent in this place.
 B = Non-inter-level travel time spent in this place.
 C = Inter-level travel time spent in this place.
 D = Time resting spent in this place.
 E = Time spent auto-exploring this place.
 F = Levels seen in this place.
 G = Mean time per level.
                   A        B        C        D        E       F      G
               +--------+--------+--------+--------+--------+-----+--------+
         Total |   2734 |   2523 |    211 |    904 |    964 |   3 |  911.3 |
       Dungeon |   2734 |   2523 |    211 |    904 |    964 |   3 |  911.3 |
               +--------+--------+--------+--------+--------+-----+--------+

Top non-repeatable levels by time:
     D:1: 1478 daAuts
     D:2: 1176 daAuts
     D:3: 80 daAuts
